Unix NetHack Version 5.0.0-0 post-release - last build May 10 2026 23:12:36 (d1fa5d53e341ca933230fdaa984d921c805b60aa,branch:main).

Game began 2026-05-11 06:46:21, ended 2026-05-11 06:57:12.

ArrBianca, neutral female human Tourist

             --------      ---        ----                 ---
           ---..||..|    ---.--       |..|             -----.--
           |....||..|    |....|       |..|       ----  |......|
         ---...--|..|  ---....--      --.--     --..|  |.--...|
----   ---.....----.| --.......--      |..| -----...|  |.|---.|    -------
|..-- --.........||.|--.........--  -----.--|.......|  |.|  |.|    |..--.--
|...--|..........||.||...........|--|..|...--......--  |.|  |.---- |......|
---..|--.---.....||.|--..--.....--.--......)......------.|  |....| |......|
  |..| --- |.....--.| ------.............h))).....|......| --....| ---....|
  --.|    --........--     --..............h........------ |.....------..--
   |.| ----..........|      --..........G..@.<....---      |......--.....|
   |.--|.............|       |..........--.--....--        ---.......-----
   |..||....--.......------- |-.......-----|.....|         --.-.....--
   --.|--...-|.....|...>|..| |........| ----.....--        |........|
    |.| --...--...---......---........---.........--       --......--
    |.|  |.......----..............................|        --.....|
   --.|  ---....-- |....---.............-.........-|         --.----
  --..--------..----....----%......................|          ---
  |........................................--.--..--
  ------------------.---------..--.----.|.---------
                   ---       -------  -----
ArrBianca the Rambler       St:13 Dx:13 Co:11 In:16 Wi:9 Ch:13  Neutral
Dlvl:4  $:0  HP:0(12) Pw:11(11) AC:5  Xp:2 T:1050 

Latest messages:
 The golden haze around you disappears.
 You stop waiting.
 In what direction? k
 You kill the fox!
 You stop waiting.
 In what direction? k
 You kill the grid bug!
 You are beginning to feel hungry.
 You stop waiting.
 What do you want to eat? [bcdev or ?*] ?
 This food really hits the spot!
 You finish eating the food ration.
 You are in full health.
 a - a +2 dart (at the ready) (25 in total).
 a - a +2 dart (at the ready) (26 in total).
 You descend the stairs.
 What do you want to drop? [a-eg-mo-xz or ?*] <space>
 Never mind.
 In what direction? h
 The dart hits the dwarf!
 The dwarf throws a dagger!
 You are hit by a dagger.
 In what direction? h
 The dart misses the dwarf.
 In what direction? h
 The dart misses the dwarf.
 In what direction? y
 You kill the gnome!
 In what direction? h
 The dart misses the dwarf.
 In what direction? h
 The dart misses the dwarf.
 You miss the dwarf.
 In what direction? h
 The dart misses the dwarf.
 The dwarf hits!
 You miss the dwarf.
 You climb up the stairs.
 You are in full health.
 You descend the stairs.
 You miss the dwarf.
 The dwarf hits!
 You miss the dwarf.
 The hobbit picks up 2 +2 darts.
 You hear crashing rock.
 You hit the dwarf.
 The hobbit picks up a +2 dart.
 The dwarf hits!
 You die...
 Do you want your possessions identified? [ynq] (y) q

Inventory:
 Weapons  (')')
  z - 6 blessed +0 darts
  a - 19 +2 darts (at the ready)
  t - a rusty +0 orcish dagger
  m - a blessed +0 club (weapon in left hand)
 Armor    ('[')
  i - an uncursed +0 Hawaiian shirt with a tropical fish motif (being worn)
  s - an uncursed +0 elven mithril-coat (being worn)
 Comestibles  ('%')
  c - 6 uncursed food rations
  d - an uncursed fortune cookie
  v - an uncursed rotten tin of goblin meat
  e - an uncursed tin of pureed newt meat
  b - 2 uncursed eggs
 Scrolls  ('?')
  q - a blessed scroll of confuse monster
  h - 3 uncursed scrolls of magic mapping
 Spellbooks  ('+')
  o - an uncursed spellbook of protection
 Potions  ('!')
  w - a blessed potion of confusion
  g - 2 uncursed potions of extra healing
  p - an uncursed potion of healing
  x - an uncursed potion of water
 Rings    ('=')
  r - an uncursed ring of slow digestion
 Tools    ('(')
  k - an uncursed credit card
  j - an expensive camera (0:74)
  l - an uncursed towel
 Gems/Stones  ('*')
  u - an uncursed worthless piece of red glass

ArrBianca the Tourist's attributes:

Background:
 You were a Rambler, a level 2 female human Tourist.
 You were neutral, nominally on a mission for The Lady
 who was opposed by Blind Io (lawful) and Offler (chaotic).
 You were left-handed.
 You were in the Gnomish Mines, on level 4.
 You entered the dungeon 1050 turns ago.
 You had 37 experience points, 3 more were needed to attain level 3.

Basics:
 You had 0 out of 12 hit points.
 You had all 11 energy points (spell power).
 Your armor class was 5.
 Your wallet was empty.
 Autopickup was on for '$?!/="+%' plus thrown, with exceptions.

Final Characteristics:
 Your strength was 13 (limit:18/100).
 Your dexterity was 13 (limit:18).
 Your constitution was 11 (limit:18).
 Your intelligence was 16 (limit:18).
 Your wisdom was 9 (limit:18).
 Your charisma was 13 (limit:18).

Final Status:
 You weren't hungry.
 You were unencumbered.
 You were wielding a club.
 You had no skill with club.

Final Attributes:
 You were devoutly aligned.
 You were guarded.
 Your spell casting was impaired by metallic armor.
 You are dead.

Miscellaneous:
 You didn't encounter any bones levels.
 Total elapsed playing time was 10 minutes and 50 seconds.

Major events:
 Turn
    1: ArrBianca the neutral female human Tourist entered the dungeon
  893: entered the Gnomish Mines
 1050: killed by a dwarf

Spells:
 Name                 Level Category     Fail Retention
 protection             1   clerical      81%  76%-100%

Skills:
 Fighting Skills
   bare handed combat [Unskilled]
   two weapon combat  [Unskilled]
   riding             [Unskilled]
 Weapon Skills
   dagger             [Unskilled]
   knife              [Unskilled]
   axe                [Unskilled]
   pick-axe           [Unskilled]
   short sword        [Unskilled]
   broadsword         [Unskilled]
   long sword         [Unskilled]
   two-handed sword   [Unskilled]
   saber              [Unskilled]
   mace               [Unskilled]
   morning star       [Unskilled]
   flail              [Unskilled]
   hammer             [Unskilled]
   quarterstaff       [Unskilled]
   polearms           [Unskilled]
   spear              [Unskilled]
   trident            [Unskilled]
   lance              [Unskilled]
   bow                [Unskilled]
   sling              [Unskilled]
   crossbow           [Unskilled]
   dart               [Basic]
   shuriken           [Unskilled]
   boomerang          [Unskilled]
   whip               [Unskilled]
   unicorn horn       [Unskilled]
 Spellcasting Skills
   divination spells  [Unskilled]
   enchantment spells [Unskilled]
   escape spells      [Unskilled]

Voluntary challenges:
 Character rerolling was not enabled.
 You were an atheist.
 You never genocided any monsters.
 You never polymorphed an object.
 You never changed form.
 You used no wishes.
Achievement:
 You entered the Gnomish Mines.

 The Dungeons of Doom: levels 1 to 3
    Level 1:
    Level 2:
       A fountain.
    Level 3:
       A fountain, many trees.
       Stairs down to The Gnomish Mines.
 The Gnomish Mines:
    Level 4: <- You were here.
       Final resting place for
          you, killed by a dwarf.


Vanquished creatures:
  a gnome
  2 jackals
  a fox
  2 goblins
  2 grid bugs
  2 kobold zombies
  a newt
11 creatures vanquished.

No species were genocided or became extinct.

Game over:
                       ----------
                      /          \
                     /    REST    \
                    /      IN      \
                   /     PEACE      \
                  /                  \
                  |    ArrBianca     |
                  |       0 Au       |
                  |   killed by a    |
                  |      dwarf       |
                  |                  |
                  |                  |
                  |       2026       |
                 *|     *  *  *      | *
        _________)/\\_//(\/(/\)/\//\/|_)_______

Aloha ArrBianca the Tourist...

You died in The Gnomish Mines on dungeon level 4 with 298 points,
and 0 pieces of gold, after 1050 moves.
You were level 2 with a maximum of 12 hit points when you died.

